[Event "Commonwealth CC-Open 2024"]
[Site "Malacca"]
[Date "2024.02.21"]
[Round "1.1"]
[White "Sethuraman, S.P."]
[Black "Siddharth, Sai"]
[Result "1-0"]
[ECO "D38"]
[WhiteElo "2594"]
[BlackElo "1760"]
[Annotator "TA"]
[PlyCount "101"]
[EventDate "2024.02.21"]
[EventCountry "MAS"]
[SourceTitle "playchess.com"]
[Source "ChessBase"]
[SourceQuality "1"]
[TimeControl "5400+30"]

1. d4 Nf6 2. c4 e6 3. Nc3 d5 4. Nf3 Bb4 5. Bg5 O-O 6. e3 c5 7. cxd5 exd5 8. dxc5 Nbd7 9. Rc1 Qa5 10. Nd2 Qxc5 11. a3 (11. Nb3 {seems wilder.} Qb6 12. Be2 Ne4 13. Qxd5 Re8 14. Bf4) 11... Bxc3 12. Rxc3 {[%emt 0:00:05] The position is equal.} Qe7 ({Black should try} 12... Qb6 $11) 13. Be2 h6 14. Bh4 Ne5 15. O-O Bf5 16. Nb3 Rfd8 17. Nd4 {[%emt 0:00:25] Black is now going downhill.} Be6 18. Qc2 a6 ({Black should play} 18... Rac8 $14) 19. Rc1 Ng6 (19... Nc4 $142 20. Bd3 Bd7 21. Bxc4 dxc4) 20. Rc7 $16 {[%emt 0:02:30] White is more active.} Rd7 21. Bxf6 Qxf6 22. Rxd7 Bxd7 23. Qb3 Rc8 24. Rxc8+ Bxc8 25. Qxd5 Qb6 26. h3 Qc7 27. Qc4 Qd8 28. Qc5 b6 {[%emt 0:01:20] Black is weak on the light squares} (28... a5 $142 29. Nb5 b6) 29. Qc6 $18 Ne7 {[%emt 0:02:12] [#]} 30. Qa8 Qd5 {[%emt 0:00:08] [#]} 31. Qb8 Qb7 32. Qd6 b5 33. Qd8+ Kh7 34. Bd3+ g6 35. Qf8 Nd5 $2 (35... Nf5 36. Bxf5 Bxf5) 36. Be4 Be6 (36... Qe7 $142 37. Bxg6+ (37. Bxd5 $2 {perishes.} Qxf8 38. Bb3 Qc5 $19) (37. Qxc8 Qxe4 38. Qc6 Kg7 $18) 37... fxg6 38. Qxc8 Qd6) 37. Nxe6 fxe6 {[%emt 0:00:10][%mdl 4096] Endgame. KQB-KQN} 38. Qe8 {[%emt 0:00:18][%csl LRe6,LRg6] Inhibits Qd7.} Qg7 39. Qxe6 Nc7 40. Qc6 a5 {[%emt 0:00:07] [#]} (40... Qf7 $142 41. Bxg6+ Qxg6 42. Qxc7+ Kh8 43. Qd8+ Kg7) 41. Bxg6+ $1 Kh8 (41... Qxg6 42. Qxc7+) 42. Qd6 a4 43. Qd8+ Qg8 44. Qf6+ Qg7 45. Qd8+ Qg8 46. Qxc7 {[%emt 0:00:04] White is clearly winning.} Qxg6 47. Qe5+ Kh7 48. Qxb5 Qb1+ 49. Kh2 Qc2 50. f4 Qe4 51. Qe5 {[%emt 0:00:08] Weighted Error Value: White=0.25 (precise) /Black=0.35.  Mistake:       	---       	Black=7      Inaccurate:     	White=2     	Black=2      OK:         	White=17    	Black=12     Best:        	White=2     	Black=1} 1-0

[Event "Commonwealth CC-Open 2024"]
[Site "Malacca"]
[Date "2024.02.21"]
[Round "1.2"]
[White "Aminuddin, Muhd Faqih"]
[Black "Vaibhav, Suri"]
[Result "0-1"]
[ECO "A09"]
[WhiteElo "1753"]
[BlackElo "2596"]
[Annotator "TA"]
[PlyCount "60"]
[EventDate "2024.02.21"]
[EventCountry "MAS"]
[SourceTitle "playchess.com"]
[Source "ChessBase"]
[SourceQuality "1"]
[TimeControl "5400+30"]

1. Nf3 d5 2. c4 d4 3. b4 c5 4. e3 dxe3 5. fxe3 cxb4 6. d4 Nf6 7. Bd3 Bg4 8. O-O e5 {[%emt 0:01:18] Strongly threatening ...e4. The position is equal.} 9. dxe5 Nfd7 10. Qa4 (10. Nbd2 $11) 10... Nc6 $17 11. Be4 Qc7 (11... Bxf3 $17 12. Bxf3 Ndxe5 (12... Ncxe5 13. Bxb7 Rb8 14. Bb2 $15)) 12. Bb2 Bc5 13. Nbd2 O-O 14. Qc2 Bxe3+ 15. Kh1 g6 {[%emt 0:00:31] Black is more active.} (15... Ncxe5 $6 16. Bxh7+ Kh8 17. Nxe5 Nxe5 18. Rae1 Bxd2 19. Qxd2 (19. Rxe5 Rad8 $15) (19. Bxe5 Qd7 $11) 19... Kxh7 (19... Nxc4 20. Bxg7+ Kxg7 21. Qg5+ Kh8 22. Qf6+ Kxh7 23. Qh4+ Kg8 24. Qxg4+ Kh7 25. Rf5) 20. Rxe5 Qxc4 21. Ree1 $11) (15... h6 $1 $17 16. Rae1 Bf4) 16. Rae1 Bh6 17. e6 Bxe6 18. Bxg6 $1 fxg6 (18... hxg6 {is more complex.} 19. Rxe6 Nc5 20. Rxg6+ fxg6 21. Qxg6+ Bg7) 19. Rxe6 Bg7 {[%emt 0:11:59] Wards off Rxg6} (19... Nc5 $17 20. Re2 Rad8) 20. Bxg7 $11 Kxg7 21. c5 $132 {[%emt 0:03:17][%mdl 2048] White is not holding back} Rae8 22. Rxe8 (22. Qb2+ $11 Kh6 23. Rxe8 (23. Re4 Rxe4 24. Nxe4 Qf4 $15) 23... Rxe8 24. Nd4 Nxd4 (24... Nxc5 $2 {is the wrong capture.} 25. Nf5+ Kg5 26. Qc1 $18) 25. Qxd4 Nxc5 (25... Qxc5 $2 26. Qxd7 Qe7 27. Qd4 $18) 26. Qxb4) 22... Rxe8 $15 23. Qb2+ {[%emt 0:01:28] [#]} (23. Ng5 $1 $15 Nd8 24. Nde4) 23... Kh6 ({Better is} 23... Nf6 $1 $17 {aiming for ...Qf4.} 24. Nc4 Qf4) 24. g4 {[%emt 0:03:51] [#]} (24. Ng5 $11 {remains equal.} Kxg5 25. Qg7) 24... Nce5 $1 $17 (24... Nxc5 25. Qf6 b6 26. Nh4 $18) 25. g5+ Kg7 {[%emt 0:00:02] Threatens to win with ...a5.} 26. Qxb4 Qc6 27. Qc3 Qxc5 28. Qxc5 Nxc5 {[%emt 0:00:01] Black is clearly better.} 29. Rf2 (29. Re1 $17 Nxf3 30. Rxe8 Nxd2 31. Re7+ Kg8 32. h4) 29... Ned3 $19 30. Rg2 b5 {[%emt 0:00:48] Weighted Error Value: White=0.27 (precise) /Black=0.19 (very precise) .  Mistake:       	White=5     	Black=4      Inaccurate:     	White=4     	Black=1      OK:         	White=5     	Black=10     Best:        	White=3     	Black=1      Strong:       	White=1     	Black=1} 0-1

[Event "Commonwealth CC-Open 2024"]
[Site "Malacca"]
[Date "2024.02.21"]
[Round "1.3"]
[White "Tin, Jingyao"]
[Black "Chong, Hao Ern"]
[Result "1-0"]
[ECO "D20"]
[WhiteElo "2563"]
[BlackElo "1691"]
[Annotator "TA"]
[PlyCount "37"]
[EventDate "2024.02.21"]
[EventCountry "MAS"]
[SourceTitle "playchess.com"]
[Source "ChessBase"]
[SourceQuality "1"]
[TimeControl "5400+30"]

1. d4 d5 2. c4 dxc4 3. e4 b5 4. a4 c6 5. axb5 cxb5 6. Nc3 $1 Qb6 7. Nd5 Qb7 8. Bf4 {[%emt 0:00:28] [#] Black must now prevent Nc7+. White is better.} e5 9. Bxe5 Nd7 10. Bf4 {[%emt 0:00:23] aiming for f3. White has more active pieces.} ({Avoid the trap} 10. Nc7+ $2 Kd8 11. Be2 Nxe5 12. Nxa8 Bb4+ 13. Kf1 Ng6 $17) 10... Ngf6 11. Nc7+ Kd8 12. Nxa8 {[%emt 0:00:06][%cal Of2f3] [#] Hoping for f3!} Qxe4+ 13. Ne2 Qxa8 14. Nc3 $36 {[%emt 0:00:11][%cal Of1e2][%mdl 2048] Be2! would now be deadly. White has some pressure.} Qc6 (14... a6 $14) 15. Rxa7 b4 $2 {[%emt 0:00:00][%mdl 8192] A mistake that costs the game.} (15... Bb7 $16) 16. Bc7+ $18 {[%emt 0:14:16] White is clearly winning.} Ke8 17. Qe2+ Be7 18. Qxc4 Qxc4 19. Bxc4 {[%emt 0:00:02] Weighted Error Value: White=0.14 (very precise) /Black=0.74.  Loses game:     	---       	Black=1      Mistake:       	---       	Black=1      Inaccurate:     	White=1     	---        OK:         	White=5     	Black=5      Best:        	White=3     	Black=4} 1-0

[Event "Commonwealth CC-Open 2024"]
[Site "Malacca"]
[Date "2024.02.21"]
[Round "1.4"]
[White "Chong, Jin Cheng"]
[Black "Mitrabha, Guha"]
[Result "0-1"]
[ECO "C03"]
[WhiteElo "1706"]
[BlackElo "2504"]
[Annotator "TA"]
[PlyCount "56"]
[EventDate "2024.02.21"]
[EventCountry "MAS"]
[SourceTitle "playchess.com"]
[Source "ChessBase"]
[SourceQuality "1"]
[TimeControl "5400+30"]

1. e4 e6 2. d4 d5 3. Nd2 a6 4. e5 c5 5. c3 Nc6 6. Ndf3 Qa5 7. a3 c4 8. b4 {[%emt 0:03:39] The position is equal.} cxb3 9. Qxb3 Bd7 10. Bd3 (10. Qxb7 $2 Qxc3+ (10... Rb8 $2 11. Qxb8+ Nxb8 12. Bd2 $19) 11. Kd1 Rb8 $19) 10... Qc7 11. a4 Nge7 12. Ne2 Na5 13. Qb1 h6 (13... Rb8 $14) 14. h4 (14. Ba3 $1 $16) 14... Nc4 15. h5 Nc6 16. g4 O-O-O 17. Nh4 Be7 18. f4 Rdf8 19. f5 (19. Qc2 $11) 19... Bg5 (19... Bxh4+ $1 $17 20. Rxh4 f6 21. Bxc4 dxc4 22. fxe6 Bxe6) 20. Nf4 {[%emt 0:10:41] [#]} (20. Ng2 $11) 20... N6xe5 21. dxe5 $11 Nxe5 {[%emt 0:00:00] And now ...Bxh4+ would win.} 22. Be2 {[%emt 0:02:47] [#]} (22. Nhg2 $11) 22... Nxg4 {[%emt 0:00:00] Black is more active.} 23. Bxg4 $14 Bxf4 24. Qd3 $2 {[%emt 0:01:22][%mdl 8192] [#] This move loses the game for White.} (24. Bxf4 $14 {is the one way to stay ahead.} Qxf4 25. Qb4 Qe3+ 26. Kf1 exf5 27. Re1 (27. Rh3 Qg5 $18)) 24... Bxc1 $1 $19 25. Rxc1 Qf4 ({Weaker is} 25... Bxa4 26. Qd4 (26. fxe6 fxe6 27. Ng6 Rf4 $11) 26... Bb5 27. Kf2 $14 (27. Qxg7 $2 {too greedy.} Qg3+ 28. Kd1 Qd3+ 29. Ke1 Qe3+ 30. Kd1 Ba4+ 31. Rc2 Qd3+ 32. Ke1 Qe4+ 33. Re2 Qxh1+ $19) (27. fxe6 fxe6 28. Bxe6+ Kb8 $17)) 26. Qd1 Bxa4 {[%emt 0:00:00] Black is clearly winning.} 27. Qd2 Qxg4 28. c4 d4 {[%emt 0:00:00] Weighted Error Value: White=0.73/Black=0.24 (precise) .  Loses game:     	White=1     	---        Mistake:       	White=4     	Black=4      Inaccurate:     	White=1     	Black=1      OK:         	White=5     	Black=5      Best:        	---       	Black=1      Strong:       	---       	Black=1} (28... Qxh5 $2 29. cxd5+ Kb8 30. Qf4+ Ka8 31. Qxa4 $17) 0-1

[Event "Commonwealth CC-Open 2024"]
[Site "Malacca"]
[Date "2024.02.21"]
[Round "1.5"]
[White "Vignesh N R"]
[Black "Cairel Adrin, Rumi Arjuna Malique"]
[Result "1-0"]
[ECO "D37"]
[WhiteElo "2517"]
[BlackElo "1666"]
[Annotator "TA"]
[PlyCount "117"]
[EventDate "2024.02.21"]
[EventCountry "MAS"]
[SourceTitle "playchess.com"]
[Source "ChessBase"]
[SourceQuality "1"]
[TimeControl "5400+30"]

1. d4 Nf6 2. c4 e6 3. Nf3 d5 4. Nc3 Be7 5. Bf4 c6 6. e3 Nbd7 7. Bd3 h6 8. O-O Nh5 9. Be5 O-O {[%emt 0:05:26] White is slightly better.} 10. Qc2 f6 (10... Nhf6 $14) 11. Bg3 (11. cxd5 $1 $16 cxd5 12. Bf4 Nxf4 13. exf4) 11... Nxg3 $14 12. hxg3 f5 13. cxd5 cxd5 14. Rfc1 a6 15. Rab1 b6 (15... Nf6 $11) 16. Ne2 $16 {[%emt 0:01:30] And now Qc6 would win.} Nf6 17. Qc7 (17. Nf4 $16) 17... Bd6 18. Qxd8 Rxd8 19. Rc6 Rb8 20. Rbc1 g5 21. Ne5 Kf8 22. f3 $1 Ke7 23. Kf2 {[%emt 0:01:58] White has more active pieces.} Rg8 24. R6c3 {[%emt 0:07:55] aiming for Nc6+.} Ra8 25. Nc6+ {[%emt 0:55:24] A dynamic duo of knights.} Kf7 26. a4 Nd7 27. e4 fxe4 28. fxe4 Bb7 (28... dxe4 $14 29. Bxe4 Bb7) 29. e5 Be7 30. Bh7 ({White should play} 30. Nxe7 Kxe7 31. Rc7) 30... Rge8 (30... Rg7 $142) 31. Nxe7 Kxe7 32. Rh1 Rh8 33. Bg6 Rac8 {[%emt 0:00:28] Prevents Rc7} 34. Rf3 $36 {[%emt 0:00:00][%mdl 2048] White is on the roll.} Rcf8 35. Ke3 Bc6 36. b3 Rxf3+ (36... Nb8 $16 {was necessary.} 37. Bd3 Rf7) 37. gxf3 $18 b5 {[%emt 0:00:16] [#]} 38. Rc1 (38. a5 $1 $18) 38... Rc8 {[%emt 0:00:13] Black cannot hold the game after this.} (38... Nb8 $16) 39. Bd3 Nb6 40. a5 Nd7 41. Rh1 Rh8 42. f4 gxf4+ 43. Nxf4 {[%emt 0:00:00] Threatens to win with Ng6+.} Nf8 (43... Kf7 44. Be2 Nf8) 44. g4 Be8 45. g5 h5 46. g6 Rg8 47. Rg1 (47. Nxh5 Bxg6 48. Nf6 Rg7 $18) 47... Nd7 48. g7 {[%emt 0:00:00] Bh7 would now be deadly.} Bf7 49. Bh7 Nb8 {[%emt 0:00:17] [#]} 50. Nxh5 $1 Nd7 (50... Rc8 51. g8=Q) 51. Bxg8 {[%emt 0:00:00] White mates.} Bxg8 {[%emt 0:00:05] KRN-KBN} 52. Rc1 Kf7 53. Rc7 Kg6 54. Rxd7 Kxh5 55. Rd8 Bf7 56. g8=Q Bxg8 57. Rxg8 Kh4 58. Kf4 b4 59. Rh8# {[%emt 0:00:00] Weighted Error Value: White=0.09 (flawless) /Black=0.48.  Mistake:       	White=4     	Black=7      Inaccurate:     	White=3     	Black=1      OK:         	White=16    	Black=10     Best:        	White=2     	Black=2      Strong:       	White=1     	---} 1-0

[Event "Commonwealth CC-Open 2024"]
[Site "Malacca"]
[Date "2024.02.21"]
[Round "2.1"]
[White "Chan, Peng Kong"]
[Black "Sethuraman, S.P."]
[Result "0-1"]
[ECO "D02"]
[WhiteElo "2125"]
[BlackElo "2594"]
[Annotator "TA"]
[PlyCount "68"]
[EventDate "2024.02.21"]
[EventCountry "MAS"]
[SourceTitle "playchess.com"]
[Source "ChessBase"]
[SourceQuality "1"]
[TimeControl "5400+30"]

1. Nf3 d5 2. g3 Nc6 3. d4 Bf5 4. Bg2 e6 5. O-O Nb4 6. Na3 Be7 7. c3 Nc6 8. b3 h5 9. h4 {[%emt 0:04:16] The position is equal.} Nf6 10. Bb2 Ne4 {[%emt 0:03:45] Threatening ...g5.} 11. c4 g5 12. hxg5 Bxg5 13. Nxg5 Qxg5 14. Qc1 $1 Qg6 {[%emt 0:06:06] White must now prevent ...h4.} 15. Qf4 {[%emt 0:03:04] And now Bxe4 would win.} O-O-O 16. Nb5 Rd7 $36 {[%emt 0:00:21][%mdl 2048] Black is more active.} 17. Rfd1 {[%emt 0:14:18] [#]} (17. Bxe4 $11 Bxe4 18. f3) 17... h4 $1 $17 18. g4 Bxg4 19. Bxe4 Qxe4 (19... dxe4 20. Kh2 $17) 20. Qxe4 dxe4 21. d5 Rg8 22. Kh2 exd5 (22... Bxe2 23. Re1 Bf3 24. dxc6 Rg2+ (24... bxc6 25. Nd4 $11) 25. Kh3 bxc6 (25... Rd2 26. Bd4 $16) 26. Nd4 Rxf2 27. Nxf3 Rxf3+ (27... Rxb2 28. Rxe4 Rd3 29. Rf1 $14) 28. Kxh4 $15) 23. cxd5 $2 {[%emt 0:00:18] Now White is beyond hope.} (23. Rxd5 $17 {was worth a try.} Bxe2 24. Nd4 Nxd4 25. Bxd4) 23... Bxe2 $19 24. Rg1 Rxg1 (24... Rxd5 $2 {perishes.} 25. Rxg8+ Kd7 26. Nc3 $18) 25. Rxg1 Rxd5 26. Nc3 Rd2 27. Bc1 {[%emt 0:00:07] Black is clearly winning.} Rc2 28. Nxe4 Bd3 (28... Rxa2 29. Rg8+ Kd7 30. Nc5+ Ke7 31. Bg5+ Kd6 32. Ne4+ Kd7 33. Nc5+ Kd6 34. Nxb7+ Kd5 35. Bxh4 $17) 29. Rg8+ {[%emt 0:04:45] [#]} Kd7 $1 30. Nf6+ Ke6 31. Bg5 Rxf2+ (31... Rxa2 32. Bxh4 Ne7 33. Rd8 $19) 32. Kh3 Rxf6 33. Bxf6 Kxf6 34. Kxh4 Ke5 {[%emt 0:01:11] Weighted Error Value: White=0.25 (precise) /Black=0.01 (flawless) .  Loses game:     	White=1     	---        Mistake:       	White=1     	---        Inaccurate:     	White=1     	---        OK:         	White=12    	Black=19     Best:        	White=1     	Black=1      Strong:       	White=1     	Black=1} 0-1

[Event "Commonwealth CC-Open 2024"]
[Site "Malacca"]
[Date "2024.02.21"]
[Round "2.2"]
[White "Vaibhav, Suri"]
[Black "Varshini V Kundar"]
[Result "1-0"]
[ECO "C02"]
[WhiteElo "2596"]
[BlackElo "1096"]
[Annotator "RC"]
[PlyCount "101"]
[EventDate "2024.02.21"]
[EventCountry "MAS"]
[SourceTitle "playchess.com"]
[Source "ChessBase"]
[SourceQuality "1"]
[TimeControl "5400+30"]

1. e4 e6 2. d4 d5 3. e5 c5 4. c3 Nc6 5. Nf3 Qb6 6. a3 c4 7. Nbd2 Na5 8. Rb1 Bd7 9. h4 Ne7 10. h5 h6 11. Rh3 Nc8 12. b4 cxb3 13. Nxb3 Nxb3 14. Rxb3 Qc7 15. Nd2 Nb6 16. Bb5 Rc8 17. Rb1 Bxb5 18. Rxb5 Qc6 19. Qb3 Nc4 20. Nxc4 dxc4 21. Qb1 b6 22. Rg3 Rb8 23. a4 a6 24. Rb2 Qxa4 25. Rxb6 Rxb6 26. Qxb6 Qb5 27. Qc7 Be7 28. Ke2 Qa4 29. Bd2 Bd8 30. Qc5 Rg8 31. d5 Qb5 32. Qxb5+ axb5 33. dxe6 fxe6 34. Bxh6 Rh8 35. Bf4 Rxh5 36. Rxg7 Be7 37. g4 Rh3 38. Be3 Rh1 39. Rg6 Kf7 40. Rh6 Rb1 41. Rh7+ Ke8 42. f4 b4 43. cxb4 Bxb4 44. f5 c3 45. f6 c2 46. Rc7 Re1+ 47. Kd3 Rd1+ 48. Kxc2 Rd5 49. g5 Rxe5 50. g6 Rf5 51. g7 1-0

[Event "Commonwealth CC-Open 2024"]
[Site "Malacca"]
[Date "2024.02.21"]
[Round "2.3"]
[White "Muhammed, Shuaau"]
[Black "Tin, Jingyao"]
[Result "1/2-1/2"]
[ECO "B48"]
[WhiteElo "2093"]
[BlackElo "2563"]
[Annotator "TA"]
[PlyCount "43"]
[EventDate "2024.02.21"]
[EventCountry "MAS"]
[SourceTitle "playchess.com"]
[Source "ChessBase"]
[SourceQuality "1"]
[TimeControl "5400+30"]

1. e4 c5 2. Nf3 e6 3. d4 cxd4 4. Nxd4 Nc6 5. Nc3 Qc7 6. Be3 a6 7. Qf3 b5 8. Nxc6 Qxc6 9. Bd3 b4 10. Ne2 Bb7 11. Qg3 Rc8 12. O-O Nf6 13. f3 Bc5 14. Bxc5 Qxc5+ 15. Qf2 Qxf2+ 16. Kxf2 d5 17. exd5 Nxd5 18. Rfc1 Kd7 19. a3 bxa3 20. Rxa3 Nb4 21. Rd1 Ke7 22. c3 {[%emt 0:00:07] Weighted Error Value: White=0.07 (flawless) /Black=0.07 (flawless) .  Inaccurate:     	White=1     	Black=1      OK:         	White=7     	Black=7} 1/2-1/2

[Event "Commonwealth CC-Open 2024"]
[Site "Malacca"]
[Date "2024.02.21"]
[Round "2.4"]
[White "Mitrabha, Guha"]
[Black "Nguyen, Thu Giang"]
[Result "1-0"]
[ECO "A28"]
[WhiteElo "2504"]
[BlackElo "2072"]
[Annotator "TA"]
[PlyCount "63"]
[EventDate "2024.02.21"]
[EventCountry "MAS"]
[SourceTitle "playchess.com"]
[Source "ChessBase"]
[SourceQuality "1"]
[TimeControl "5400+30"]

1. c4 e5 2. Nc3 Nf6 3. Nf3 Nc6 4. e4 Bc5 5. Nxe5 Nxe5 6. d4 Bb4 7. dxe5 Nxe4 8. Qf3 Nxc3 (8... Qh4 {feels hotter.} 9. Be2 Nxc3 10. bxc3 Qd4) 9. bxc3 Bc5 10. Qg3 {[%emt 0:02:21] White is slightly better.} Kf8 11. Bf4 $40 {[%emt 0:03:31][%mdl 128] White mounts an attack.} d6 12. Bd3 h5 13. O-O h4 14. Qf3 g5 15. Be3 Rh6 {[%emt 0:04:49] Dodges Bg6. White now steadily converts the win.} ({Black should play} 15... Bxe3 $14 16. fxe3 Qe7) 16. Rfe1 (16. Bxc5 $1 $16 dxc5 17. h3) 16... Kg8 (16... h3 $14) 17. Rad1 $16 {[%emt 0:01:51] Strongly threatening Bxc5. White is much more active.} Bxe3 18. Rxe3 (18. Qxe3 Qe7 $14) 18... Rb8 {[%emt 0:02:12] [#]} (18... Kg7 $16 19. Bc2 Be6 20. exd6 (20. Qxb7 Bxc4 21. Qe4 Be6 $14) 20... cxd6) 19. exd6 $1 $18 cxd6 {[%emt 0:02:02] [#]} 20. c5 Bd7 (20... Qf6 21. Re8+) 21. Bc4 $1 Rf6 (21... Qf6 22. Qe2 (22. Rxd6 Qxf3 23. Rxf3 Rxd6 $18) 22... d5 23. Rxd5 (23. Bxd5 g4 $18) 23... Be6) 22. Qh5 Ba4 23. Qxg5+ Kf8 {[%emt 0:00:07][%cal Bg8f8,Bf8g7,Bg7f6,Bf6g5,Bg5h6][%mdl 32] [#]} 24. Qxh4 $1 Kg7 25. Rg3+ (25. Rh3 $142 Bc2 26. Rd4) 25... Rg6 26. Qd4+ (26. Rxd6 $2 {perishes.} Qxh4 27. Rd4 Qh5 $19) 26... Qf6 27. Qxf6+ Kxf6 28. Rf3+ Kg5 29. Rd5+ Kh6 30. Rxd6 Bc6 31. Rxf7 Rbg8 32. Rff6 {[%emt 0:00:10] Weighted Error Value: White=0.23 (precise) /Black=0.57.  Mistake:       	White=1     	Black=4      Inaccurate:     	---       	Black=4      OK:         	White=9     	Black=4      Best:        	White=1     	---        Strong:       	White=1     	---        Brilliant:      	White=1     	---} 1-0

[Event "Commonwealth CC-Open 2024"]
[Site "Malacca"]
[Date "2024.02.21"]
[Round "2.5"]
[White "Mahmood Shah, Mukhriez Shah"]
[Black "Vignesh N R"]
[Result "0-1"]
[ECO "C55"]
[WhiteElo "2007"]
[BlackElo "2517"]
[Annotator "TA"]
[PlyCount "73"]
[EventDate "2024.02.21"]
[EventCountry "MAS"]
[SourceTitle "playchess.com"]
[Source "ChessBase"]
[SourceQuality "1"]
[TimeControl "5400+30"]

1. e4 e5 2. Nf3 Nc6 3. Bc4 Nf6 4. d3 h6 5. O-O d6 6. c3 g6 7. Re1 Bg7 8. Nbd2 O-O 9. Nf1 Na5 10. Bb3 Nxb3 11. axb3 Re8 {[%emt 0:01:18] Black has an edge.} 12. Be3 d5 13. Ng3 b6 14. b4 Bb7 15. Qc2 Qd6 16. d4 Nxe4 17. Nxe5 h5 18. Nd3 h4 19. Nf1 h3 20. f3 hxg2 21. Qxg2 Nf6 22. Bf4 Qd7 23. Ng3 (23. Rxe8+ $14 Nxe8 24. h4) 23... Qb5 (23... a5 $11) 24. Qd2 (24. Ne5 $16) 24... Rxe1+ $11 25. Rxe1 Rd8 (25... a5 $11) 26. Ne5 $16 Re8 27. Bh6 {[%emt 0:01:21] [#] aiming for Bxg7.} Bh8 28. Qf4 (28. h4 $16) 28... Re6 $11 29. h4 Qe8 30. Kf2 (30. Ra1 $14) 30... Nd7 {[%emt 0:00:00] [#]} (30... Ne4+ $11 {keeps the balance.} 31. Kg2 (31. fxe4 $2 Rf6 $19) (31. Nxe4 dxe4 32. h5 c5 $11) 31... Nxg3 32. Qxg3 Kh7) 31. Nxd7 $1 $16 ({Much worse is} 31. Nd3 $6 Ba6 32. Rd1 (32. Rxe6 Qxe6 33. Ne1 c5 $15) 32... c5 $11) 31... Qxd7 {[%emt 0:00:00] Black is weak on the dark squares} (31... Rxe1 $2 {perishes.} 32. Nf6+ Bxf6 33. Qxf6 $18) 32. Rxe6 Qxe6 33. Qxc7 Qh3 34. Bg5 (34. Qxb7 $142 Qh2+ 35. Kf1 Qxg3 36. Qxd5) 34... Qh2+ 35. Ke1 (35. Ke3 $16) 35... Qg1+ 36. Kd2 Qf2+ 37. Kd1 {[%emt 0:00:00] Weighted Error Value: White=0.24 (precise) /Black=0.25 (precise) .  Mistake:       	White=7     	Black=3      Inaccurate:     	---       	Black=2      OK:         	White=9     	Black=11     Best:        	White=3     	---        Strong:       	White=1     	---} (37. Ne2 $14 Ba6 38. Qb8+ Kh7 39. Qe8) 0-1

[Event "Commonwealth CC-Open 2024"]
[Site "Malacca"]
[Date "2024.02.21"]
[Round "2.6"]
[White "Tan, Wei Hom Isaac"]
[Black "Tippa, Aswath Srisai"]
[Result "0-1"]
[ECO "B06"]
[WhiteElo "1543"]
[BlackElo "1411"]
[Annotator "NA RC"]
[PlyCount "72"]
[EventDate "2024.02.21"]
[EventCountry "MAS"]
[SourceTitle "playchess.com"]
[Source "ChessBase"]
[SourceQuality "1"]
[TimeControl "5400+30"]

1. e4 g6 2. d4 Bg7 3. Nc3 d6 4. Be3 a6 5. Nf3 b5 6. a3 Nd7 7. a4 b4 8. Nd5 a5 9. Bc4 Bb7 10. Ng5 e6 11. Qf3 Ngf6 12. Nf4 Qe7 13. Bd3 O-O 14. c3 e5 15. Ne2 h6 16. Nh3 d5 17. Bc2 dxe4 18. Qg3 Nh5 19. Qg4 exd4 20. cxd4 b3 21. Bd1 Bc8 22. Nef4 Ne5 23. Qe2 Nxf4 24. Nxf4 Ba6 25. Qd2 Nc4 26. Qc3 c5 27. Bxb3 Nxe3 28. fxe3 cxd4 29. exd4 Rfc8 30. Nxg6 Qd6 31. Qg3 Qb4+ 32. Kd1 Qxd4+ 33. Ke1 Qb4+ 34. Kd1 Rd8+ 35. Kc1 Qd2+ 36. Kb1 Qxb2# 0-1

[Event "Commonwealth CC-Open 2024"]
[Site "Malacca"]
[Date "2024.02.21"]
[Round "2.7"]
[White "Das, Sayantan"]
[Black "Milligan, Helen"]
[Result "1-0"]
[ECO "C84"]
[WhiteElo "2514"]
[BlackElo "1941"]
[Annotator "RC"]
[PlyCount "55"]
[EventDate "2024.02.21"]
[EventCountry "MAS"]
[SourceTitle "playchess.com"]
[Source "ChessBase"]
[SourceQuality "1"]
[TimeControl "5400+30"]

1. e4 e5 2. Nf3 Nc6 3. Bb5 a6 4. Ba4 Nf6 5. O-O Be7 6. d3 b5 7. Bb3 d6 8. Bd2 Bg4 9. c3 O-O 10. h3 Be6 11. Bc2 d5 12. a4 h6 13. Re1 dxe4 14. dxe4 Bd6 15. b4 Ne7 16. Na3 c6 17. c4 Qd7 18. cxb5 cxb5 19. axb5 axb5 20. Bd3 Rab8 21. Qe2 Ng6 22. Nxb5 Bxb4 23. Bxb4 Nf4 24. Qe3 Qxd3 25. Bxf8 Qxb5 26. Bd6 Re8 27. Nxe5 Ng6 28. Reb1 1-0

[Event "Commonwealth CC-Open 2024"]
[Site "Malacca"]
[Date "2024.02.21"]
[Round "2.8"]
[White "Sabri, Mohd Saprin"]
[Black "Iniyan, Pa"]
[Result "0-1"]
[ECO "D74"]
[WhiteElo "1922"]
[BlackElo "2515"]
[Annotator "RC"]
[PlyCount "64"]
[EventDate "2024.02.21"]
[EventCountry "MAS"]
[SourceTitle "playchess.com"]
[Source "ChessBase"]
[SourceQuality "1"]
[TimeControl "5400+30"]

1. Nf3 Nf6 2. c4 g6 3. g3 Bg7 4. Bg2 d5 5. cxd5 Nxd5 6. d4 c6 7. O-O Na6 8. Nc3 O-O 9. h3 Be6 10. Re1 h6 11. e4 Nb6 12. Kh2 Rc8 13. Bf1 Bc4 14. Bxc4 Nxc4 15. b3 Qa5 16. Qd3 Nd6 17. Bb2 c5 18. Nd5 Qd8 19. Qe2 cxd4 20. Nxd4 e6 21. Ne3 Nxe4 22. Red1 Qe7 23. Nc4 Nec5 24. Nb5 Bxb2 25. Qxb2 b6 26. Ne5 Nb4 27. Qd2 Ne4 28. Qf4 Qf6 29. Qxf6 Nxf6 30. Nxa7 Rc2 31. Kg1 Ra8 32. Nb5 Rc5 0-1